 Dungeon Crawl Stone Soup version 0.29-a0-11-ga75d3d97ab (webtiles) character file.

Game seed: 8424774219024032848

198 oldriver the Sneak (level 5, -5/38 HPs)
             Began as an Octopode Hunter on Jan 29, 2022.
             Slain by a killer bee (9 damage)
             ... on level 4 of the Dungeon.
             The game lasted 00:04:46 (3862 turns).

oldriver the Sneak (Octopode Hunter)                Turns: 3862, Time: 00:04:47

Health: -5/38      AC:  1    Str: 11    XL:     5   Next: 77%
Magic:  5/5        EV: 13    Int: 13    God:
Gold:   118        SH:  0    Dex: 15    Spells: 4/4 levels left

rFire   . . .      SeeInvis .   b - +2 dagger (drain)
rCold   . . .      Faith    .   (no shield)
rNeg    . . .      Spirit   .   (helmet restricted)
rPois   .          Reflect  .   (no amulet)
rElec   .          Harm     .   (no ring)
rCorr   .          Rampage  .   (no ring)
Will    .....                   (no ring)
Stlth   ++++......              (no ring)
HPRegen 0.12/turn               (no ring)
MPRegen 0.09/turn               (no ring)
                                (no ring)
                                (no ring)

@: no status effects
A: almost no armour, amphibious, 8 rings, camouflage 1, gelatinous body 1,
(nimble swimmer 1), tentacles
a: no special abilities


You were on level 4 of the Dungeon.
You visited 1 branch of the dungeon, and saw 4 of its levels.

You collected 118 gold pieces.

Inventory:

Hand Weapons
 a - a +1 hunting sling
 b - a +2 dagger of draining (weapon)
Missiles
 c - 11 sling bullets
 f - 115 stones (quivered)
Scrolls
 j - 2 scrolls of identify
Potions
 g - a potion of heal wounds {unknown}
 i - a potion of berserk rage
 n - a potion of lignification {unknown}
 p - 2 potions of invisibility


   Skills:
 + Level 4.6 Fighting
 - Level 4.0 Slings
 - Level 2.0 Dodging
 - Level 5.0 Stealth


You had 4 spell levels left.
You didn't know any spells.
Your spell library contained the following spells:

 Spells                   Type           Power      Damage    Failure   Level
 Ensorcelled Hibernation  Hex/Ice        0%         N/A       43%         2
 Passwall                 Tmut/Erth      0%         N/A       43%         2
 Swiftness                Air            0%         N/A       67%         3
 Tukima's Dance           Hex            0%         N/A       67%         3
 Anguish                  Hex/Necr       0%         N/A       97%         4
 Enfeeble                 Hex            0%         N/A       100%        7


Dungeon Overview and Level Annotations

Branches:
Dungeon (4/15)
 Temple: D:4-7

Altars:
Makhleb
Okawaru
Trog
Xom
Zin

Annotations:
D:3 2 runed translucent doors


Innate Abilities, Weirdness & Mutations

You cannot wear most types of armour.
You are amphibious.
You can wear up to eight rings at the same time.
Your skin changes colour to match your surroundings (Stealth+).
Your rubbery body absorbs attacks. (AC +1, EV +1)
((You are camouflaged when in or above water. (Stealth+)))
You have tentacles for arms and can constrict up to eight enemies at once.


Message History

a +0 flail; an orc corpse
f - 108 stones (gained 1)
f - 109 stones (gained 1)
f - 113 stones (gained 4)
f - 114 stones (gained 1)
Things that are here:
a +0 club; an orc skeleton
f - 118 stones (gained 4)
You see here a +0 flail.
f - 119 stones (gained 1)
f - 120 stones (gained 1)
A killer bee comes into view.
A killer bee is nearby!
A killer bee is nearby!
A killer bee is nearby!
You shoot a stone. The stone hits the killer bee.
The killer bee buzzes angrily.
The killer bee is lightly wounded.
You hear an angry buzzing noise. x2
You shoot a stone. The stone misses the killer bee.
The killer bee barely misses you.
You shoot a stone. The stone misses the killer bee.
The killer bee stings you. The killer bee stings you!
You shoot a stone. The stone misses the killer bee.
The killer bee stings you. The killer bee closely misses you.
You shoot a stone. The stone hits the killer bee.
The killer bee is lightly wounded.
The killer bee barely misses you. The killer bee stings you!
You are too injured to fight recklessly!
You sense an unholy aura.
b - a +2 dagger of draining (weapon)
The killer bee stings you!
* * * LOW HITPOINT WARNING * * *
You are too injured to fight recklessly!
You are too injured to fight recklessly!
You miss the killer bee. Your grab misses the killer bee.
Your squeeze misses the killer bee.
The killer bee is lightly wounded.
The killer bee stings you!
You die...

#.. ##.. #... ##..
....# ###..##
....##....(## #
#..........## ..
#...........## ...
#......###...## ..#
##...y.# ###..####...
#..@?.# ##...#....
#.....# ##.......
#.....# ##..#...
#.....# #..# ## ......#
##..#### .......#
#....... ........#
####.......
###......####..........
..........######


You could see a killer bee.

Vanquished Creatures
  An orc priest (D:3)
  A hound skeleton (D:2)
  5 gnolls
  2 adders
  2 worms (D:2)
  A dart slug (D:1)
  9 orcs
  6 ball pythons
  4 endoplasms (D:1)
  6 giant cockroaches
  5 goblins
  2 hobgoblins
  7 jackals (D:1)
  5 kobolds
  5 quokkas
  3 bats
  5 frilled lizards
  5 rats
74 creatures vanquished.

Notes
Turn   | Place    | Note
-------+----------+-------------------------------------------
     0 | D:1      | oldriver the Octopode Hunter began the quest for the Orb.
     0 | D:1      | Reached XP level 1. HP: 14/14 MP: 1/1
    28 | D:1      | Reached skill level 2 in Stealth
    71 | D:1      | Reached XP level 2. HP: 19/20 MP: 2/2
   725 | D:1      | Reached skill level 3 in Stealth
   819 | D:1      | Reached XP level 3. HP: 25/25 MP: 3/3
   876 | D:1      | Found a faded altar of an unknown god.
  1492 | D:2      | Reached XP level 4. HP: 19/31 MP: 4/4
  1662 | D:2      | Reached skill level 4 in Stealth
  2133 | D:2      | Reached XP level 5. HP: 37/37 MP: 5/5
  2671 | D:3      | Found a large runed translucent door.
  2671 | D:3      | Found a large runed translucent door.
  2673 | D:3      | Found a shimmering altar of Xom.
  2691 | D:3      | Found a burning altar of Makhleb.
  2695 | D:3      | Found a glowing silver altar of Zin.
  2695 | D:3      | Noticed an angel
  2712 | D:3      | Reached skill level 5 in Stealth
  2744 | D:3      | Noticed a cacodemon
  3009 | D:3      | Identified the +3 scale mail of Kielaaxi {Will+ Str+3 Int+4
                  | SInv}
  3262 | D:3      | Found a bloodstained altar of Trog.
  3262 | D:3      | Found an iron altar of Okawaru.
  3862 | D:4      | Slain by a killer bee

Illustrated notes

Levels and vault maps discovered:
D:1:      zelgadis_glass_arrival_small, layout_rooms,
          hellmonk_ecumenical_altar_zigzags
D:2:      layout_rooms, minivault_4, kennysheep_boxes
D:3:      due_chaos_kobolds, layout_rooms,
          grunt_temple_overflow_order_and_chaos_2,
          grunt_temple_overflow_bloody_war
D:4:      layout_layer_cave, uniq_ijyb

Skill      XL: |  1  2  3  4  5 |
---------------+----------------+-----
Stealth        | 2 3 4 5 |  5.0
Fighting       | 3 4 |  4.6
Slings         | |  4.0
Dodging        | |  2.0

Action                   |  1- 3 |  4- 6 || total
-------------------------+-------+-------++-------
Melee: Dagger            |    35 |    15 ||    50
       Constrict         |     6 |     4 ||    10
       Tentacles         |     6 |     1 ||     7
 Fire: Hunting sling     |    40 |   137 ||   177
  Use: Scroll            |       |     9 ||     9
 Stab: Sleeping          |     7 |     1 ||     8
Armor: Skin              |     3 |     1 ||     4
Dodge: Dodged            |    16 |    32 ||    48

Table legend: (Time is in decaauts)
 A = Elapsed time spent in this place.
 B = Non-inter-level travel time spent in this place.
 C = Inter-level travel time spent in this place.
 D = Time resting spent in this place.
 E = Time spent auto-exploring this place.
 F = Levels seen in this place.
 G = Mean time per level.
                   A        B        C        D        E       F      G
               +--------+--------+--------+--------+--------+-----+--------+
         Total |   3844 |   3771 |     73 |    876 |   2290 |   4 |  961.0 |
       Dungeon |   3844 |   3771 |     73 |    876 |   2290 |   4 |  961.0 |
               +--------+--------+--------+--------+--------+-----+--------+

Top non-repeatable levels by time:
     D:1: 1265 daAuts
     D:3: 1180 daAuts
     D:2: 1102 daAuts
     D:4: 296 daAuts
